 Dungeon Crawl Stone Soup version 0.31-a0-986-g5e6e4ef867 (webtiles) character file.

Game seed: 12330299662433441768

1133 Strat the Basher (level 8, 0/108 HPs)
             Began as an Armataur Reaver on Nov 9, 2023.
             Was an Initiate of Wu Jian.
             Succumbed to a water moccasin's poison
             ... on level 5 of the Dungeon.
             The game lasted 00:12:06 (5146 turns).

Strat the Basher (Armataur Reaver)                  Turns: 5146, Time: 00:12:07

Health: 0/108      AC:  6    Str: 20    XL:     8   Next: 14%
Magic:  10/10      EV:  9    Int: 14    God:    Wu Jian [......]
Gold:   269        SH:  0    Dex:  8    Spells: 7/10 levels left

rFire   + . .        a - +0 whip (elec)
rCold   + . .        (no shield)
rNeg    . . .        d - +0 steam dragon scales
rPois   +            f - +0 helmet
rElec   +            (no cloak)
rCorr   +            (no gloves)
SInv    .            (no barding)
Will    .....        (no amulet) Stlth
                     (no ring)
HPRegen 0.38/turn    (no ring)
MPRegen 0.12/turn

%: no passive effects
@: berserking, lethally poisoned (0 -> -6), resistant, very quick
A: large, rugged brown scales 3, deformed body, armoured tail, (roll), long
tongue, awkward tongue
a: Renounce Religion


You were on level 5 of the Dungeon.
You worshipped Wu Jian.
Wu Jian was noncommittal.
You visited 2 branches of the dungeon, and saw 7 of its levels.

You collected 269 gold pieces.

Inventory:

Hand Weapons
 a - a +0 whip of electrocution (weapon)
 e - a +0 mace
Armour
 b - a +0 leather armour
 d - +0 steam dragon scales (worn)
 f - a +0 helmet (worn)
Scrolls
 c - 2 scrolls of teleportation {unknown}
 g - a scroll of vulnerability {unknown}
 h - 3 scrolls of blinking
 j - a scroll of immolation {unknown}
 k - 2 scrolls of enchant weapon {unknown}
 o - a scroll of butterflies {unknown}
 p - a scroll of noise {unknown}
 r - a scroll of amnesia {unknown}
Potions
 i - a potion of lignification
 l - a potion of might
 m - a potion of brilliance {unknown}
 n - a potion of resistance
 q - 2 potions of magic {unknown}
 s - a potion of berserk rage


   Skills:
 - Level 5.0 Fighting
 + Level 8.0 Maces & Flails
 - Level 1.3 Dodging
 - Level 1.7 Spellcasting
 - Level 2.6 Conjurations


You had 7 spell levels left.
You knew the following spells:

 Your Spells              Type           Power      Damage    Failure   Level
a - Kiss of Death         Conj/Necr      16%        2d6       14%         1
b - Momentum Strike       Conj/Tloc      8%         3d8       22%         2

Your spell library contained the following spells:

 Spells                   Type           Power      Damage    Failure   Level
 Lesser Beckoning         Tloc           2%         N/A       36%         2
 Hailstorm                Conj/Ice       4%         3d4       38%         3
 Manifold Assault         Tloc           1%         N/A       94%         4
 Petrify                  Tmut/Erth      1%         N/A       94%         4
 Bombard                  Conj/Erth      2%         9d1       100%        6


Dungeon Overview and Level Annotations

Branches:
Dungeon (6/15)             Temple (1/1) D:4

Altars:
Ashenzari
Dithmenos
Fedhas
Gozag
Hepliaklqana
Kikubaaqudgha
Makhleb
Nemelex Xobeh
Okawaru
Qazlal
Ru
Sif Muna
Trog
Uskayaw
Vehumet
Wu Jian
Xom
Yredelemnul
Zin
The Shining One

Shops:
D:5 *

Annotations:
Temple 2 transporters


Innate Abilities, Weirdness & Mutations

You are completely covered in rugged brown scales. (AC +3, +7% HP)
Armour fits poorly on your strangely shaped body.
You have a long armoured tail.
((You roll when moving toward enemies. (Rampage)))
Your long tongue fully drains potion bottles. (2x potion effects)
Your tongue gives you trouble enunciating. (1.5x scroll delay)


Message History

* * * LOW HITPOINT WARNING * * *
You feel very sick.
The water moccasin bites you but does no damage.
You feel protected.
You slurp down every last drop of the potion of resistance!
* * * LOW HITPOINT WARNING * * *
You feel very sick. The water moccasin bites you!
* * * LOW HITPOINT WARNING * * *
A red film seems to cover your vision as you go berserk!
You feel yourself moving faster!
You feel mighty!
You slurp down every last drop of the potion of berserk rage!
* * * LOW HITPOINT WARNING * * *
You feel very sick. The water moccasin bites you.
* * * LOW HITPOINT WARNING * * *
The water moccasin barely misses you.
You closely miss the water moccasin.
The water moccasin is heavily wounded.
* * * LOW HITPOINT WARNING * * *
You feel sick.
You whack the water moccasin!
The water moccasin is almost dead.
* * * LOW HITPOINT WARNING * * *
You feel sick.
The water moccasin bites you but does no damage.
You closely miss the water moccasin.
The water moccasin is almost dead.
* * * LOW HITPOINT WARNING * * *
You feel sick. The water moccasin bites you.
* * * LOW HITPOINT WARNING * * *
You closely miss the water moccasin.
The water moccasin is almost dead.
* * * LOW HITPOINT WARNING * * *
You feel sick.
The water moccasin bites you but does no damage.
You closely miss the water moccasin.
Your tail-slap misses the water moccasin.
The water moccasin is almost dead.
You die...

#.#######.#.#.# ###
#.# #.#.#.# #.#
#.#.#.# #.# #.#.#.#
#.# #.#.#.# #.#
#.#.#.##### #.#
#.#.#....[.
#.#######.#.#######
#S@................
#########.....#####
#.P..## #..P.#
######


You could see a water moccasin.

Vanquished Creatures
  2 steam dragons
  2 ogres (D:5)
  A scorpion (D:4)
  2 water moccasin zombies (D:5)
  A howler monkey (D:5)
  A centaur zombie (D:5)
  A bullfrog zombie (D:5)
  2 orc priests (D:4)
  2 hounds
  4 iguanas
  A scorpion zombie (D:5)
  2 orc wizards
  2 adders
  2 ufetubi (D:5)
  5 dart slugs
  11 orcs
  4 endoplasms
  2 giant cockroaches (D:1)
  7 goblins
  9 hobgoblins
  4 jackals (D:3)
  9 kobolds
  3 quokkas
  6 ball pythons
  6 bats
  5 frilled lizards
  3 rats
99 creatures vanquished.

Notes
Turn   | Place    | Note
-------+----------+-------------------------------------------
     0 | D:1      | Strat the Armataur Reaver began the quest for the Orb.
     0 | D:1      | Reached XP level 1. HP: 18/18 MP: 3/3
    80 | D:1      | Reached skill level 3 in Maces & Flails
   178 | D:1      | Reached XP level 2. HP: 25/25 MP: 4/4
   677 | D:1      | Reached XP level 3. HP: 31/31 MP: 5/5
   988 | D:2      | Reached skill level 4 in Maces & Flails
  1135 | D:2      | Learned a level 2 spell: Momentum Strike
  1199 | D:2      | You fall into a shaft and drop 1 floor!
  1408 | D:3      | Found a faded altar of an unknown god.
  1732 | D:3      | Reached XP level 4. HP: 36/38 MP: 6/6
  2081 | D:3      | Reached skill level 5 in Maces & Flails
  2314 | D:4      | Noticed a scorpion
  2317 | D:4      | Killed a scorpion
  2318 | D:4      | Reached XP level 5. HP: 43/43 MP: 4/7
  2509 | D:4      | Reached skill level 6 in Maces & Flails
  2576 | D:4      | Reached XP level 6. HP: 31/51 MP: 8/8
  3047 | D:4      | Found a staircase to the Ecumenical Temple.
  3110 | Temple   | Found a transporter.
  3110 | Temple   | Found a transporter.
  3110 | Temple   | Found a transporter.
  3110 | Temple   | Found a transporter.
  3110 | Temple   | Entered the Ecumenical Temple
  3147 | Temple   | Became a worshipper of the Wu Jian Council
  3594 | D:5      | Identified the "Lyer"
  3594 | D:5      | Entered Level 5 of the Dungeon
  3872 | D:5      | Reached XP level 7. HP: 33/60 MP: 4/9
  3974 | D:5      | Noticed a steam dragon
  3975 | D:5      | Found Gozag's Platinum Reserve.
  4203 | D:5      | Killed a steam dragon
  4326 | D:5      | Reached skill level 7 in Maces & Flails
  4644 | D:5      | Reached XP level 8. HP: 59/71 MP: 10/10
  4729 | D:5      | Found an opulent altar of Gozag.
  5106 | D:6      | Identified the +1 plate armour "Etup" {Str+4}
  5115 | D:6      | Reached skill level 5 in Fighting
  5115 | D:6      | Reached skill level 8 in Maces & Flails
  5143 | D:5      | HP: 5/108 [poisoned by a water moccasin]
  5144 | D:5      | HP: 1/108 [water moccasin (3)]
  5146 | D:5      | Succumbed to a water moccasin's poison

Illustrated notes

Levels and vault maps discovered:
D:1:      lemuel_arrival_room, layout_loops_ring, minmay_close_crescents
D:2:      layout_loops_cross
D:3:      layout_basic, dreamdust_ecumenical_altar_statues
D:4:      layout_basic, minmay_temple_entry_proselytizer
D:5:      layout_basic, nicolae_gozag_zags_fifth_avenue, serial_undead,
          serial_undead_f, serial_undead_f, serial_undead_b, serial_undead_b,
          serial_undead_b, serial_undead_b
D:6:      cheibrodos_fzero, layout_cave_pods, elyvilon_altar_5,
          uniq_prince_ribbit1
Temple:   hellmonk_temple_divided_pantheon

Skill      XL: |  1  2  3  4  5  6  7  8 |
---------------+-------------------------+-----
Maces & Flails | 3 4 5 6 7 8 |  8.0
Fighting       | 2 3 4 5 |  5.0
Dodging        | |  1.3
Spellcasting   | |  1.7
Conjurations   | |  2.6

Action                     |  1- 3 |  4- 6 |  7- 9 || total
---------------------------+-------+-------+-------++-------
  Melee: Whip              |   171 |   105 |    64 ||   340
         Mace              |     3 |       |       ||     3
         Tailslap          |    15 |     8 |     9 ||    32
         Punch             |       |       |     1 ||     1
   Cast: Momentum Strike   |       |     3 |     2 ||     5
Ability: Lunge             |       |     2 |     5 ||     7
    Use: Scroll            |       |       |     6 ||     6
         Potion            |       |       |     2 ||     2
 Armour: Leather armour    |   119 |    71 |     6 ||   196
         Steam dragon scal |       |       |    35 ||    35
  Dodge: Dodged            |    76 |    29 |    20 ||   125

Table legend: (Time is in decaauts)
 A = Elapsed time spent in this place.
 B = Non-inter-level travel time spent in this place.
 C = Inter-level travel time spent in this place.
 D = Time resting spent in this place.
 E = Time spent auto-exploring this place.
 F = Levels seen in this place.
 G = Mean time per level.
                   A        B        C        D        E       F      G
               +--------+--------+--------+--------+--------+-----+--------+
         Total |   5100 |   4743 |    357 |    395 |   3478 |   7 |  728.6 |
       Dungeon |   5045 |   4701 |    344 |    395 |   3478 |   6 |  840.8 |
        Temple |     55 |     42 |     13 |      0 |      0 |   1 |   55.0 |
               +--------+--------+--------+--------+--------+-----+--------+

Top non-repeatable levels by time:
     D:4: 1394 daAuts
     D:5: 1329 daAuts
     D:1: 815 daAuts
     D:3: 806 daAuts
     D:2: 647 daAuts
  Temple: 55 daAuts
     D:6: 52 daAuts
